 Dungeon Crawl Stone Soup version 0.21-a0-507-ga8f6b7a (webtiles) character file.

455030 tsouns the Impaler (level 24, -6/282 HPs)
             Began as a Gnoll Enchanter on Oct 14, 2017.
             Was the Champion of Kikubaaqudgha.
             Mangled by a vampire knight
             ... wielding a +0 dire flail
              (9 damage)
             ... on level 4 of the Depths on Nov 27, 2017.
             The game lasted 05:02:38 (54305 turns).

tsouns the Impaler (Gnoll Enchanter)               Turns: 54305, Time: 05:02:39

Health: -6/282     AC: 38    Str: 19    XL:     24   Next: 37%
Magic:  38/42      EV: 18    Int: 26    God:    Kikubaaqudgha [******]
Gold:   2031       SH: 10    Dex: 19    Spells: 7/54 levels left

rFire    . . .     SeeInvis .   e - +9 rapier (pain)
rCold    . . .     Gourm    .   S - +2 buckler {AC+3}
rNeg     . . .     Faith    .   A - +0 shadow dragon scales
rPois    .         Spirit   .   P - +2 hat {Int+3}
rElec    .         Reflect  .   U - +2 cloak {+Inv}
rCorr    .         Harm     .   M - +2 pair of gloves {Str+3}
MR       ++++.     Clarity  +   K - +1 pair of boots
Stlth    ..........             W - necklace of Bloodlust {*Rage +Rage MR++ Int-3 Slay+6 *Curse} (curse)
HPRegen  0.57/turn              i - +6 ring of protection
MPRegen  0.28/turn              w - ring of protection from magic

@: berserking, studying Armour, very quick
A: distributed training, fangs 1, clarity, no potion heal 1, strong nose
}: 2/15 runes: decaying, serpentine
a: Receive Corpses, Torment, Renounce Religion, Evoke Berserk Rage, Evoke
Invisibility


You were on level 4 of the Depths.
You worshipped Kikubaaqudgha.
Kikubaaqudgha was exalted by your worship.
You were not hungry.

You visited 9 branches of the dungeon, and saw 43 of its levels.
You also visited: Bailey and Volcano.

You collected 5673 gold pieces.
You spent 3642 gold pieces at shops.

Inventory:

Hand Weapons
 e - a +9 rapier of pain (weapon)
 s - the +10 triple crossbow "Goblin's Foe" {penet, +Fly rElec rPois Str-5}
   (You took it off a naga warrior on level 4 of the Snake Pit)

   Ammo fired by it will pass through the targets it hits, potentially hitting
   all targets in its path until it reaches maximum range.
   It affects your strength (-5).
   It insulates you from electricity.
   It protects you from poison.
   It lets you fly.
Missiles
 m - 1188 bolts
Armour
 r - +6 storm dragon scales
 A - +0 shadow dragon scales (worn)
 K - a +1 pair of boots (worn)
 M - a +2 pair of gloves of strength (worn)
 P - a +2 hat of intelligence (worn)
 S - a +2 buckler of protection (worn)
 U - a +2 cloak of invisibility (worn)
Jewellery
 i - a +6 ring of protection (left hand)
 w - a ring of protection from magic (right hand)
 W - the cursed necklace of Bloodlust (around neck) {*Rage +Rage MR++ Int-3 Slay+6 *Curse}
   (You found it on level 2 of the Depths)

   [amulet of rage]

   It affects your intelligence (-3).
   It affects your accuracy and damage with ranged weapons and melee attacks
   (+6).
   It affects your resistance to hostile enchantments.
   It lets you go berserk.
   It may make you go berserk in combat.
   It curses itself when equipped.
   It has a curse placed upon it.
Wands
 a - a wand of paralysis (8)
 t - a wand of acid (25)
 u - a wand of scattershot (2)
 D - a wand of polymorph (21)
 H - a wand of digging (6)
 X - a wand of clouds (12)
Scrolls
 b - a scroll of summoning
 f - a scroll of blinking
 k - 13 scrolls of teleportation
 o - 19 scrolls of remove curse
 q - 5 scrolls of amnesia
 B - 2 scrolls of vulnerability
 C - 4 scrolls of fog
 O - 7 scrolls of fear
 Y - 6 scrolls of magic mapping
 Z - 6 scrolls of identify
Potions
 c - 9 potions of resistance
 h - 2 potions of flight
 j - 5 potions of heal wounds
 l - 7 potions of curing
 n - a potion of ambrosia
 p - 5 potions of might
 x - 4 potions of mutation
 y - 4 potions of haste
 z - 5 potions of lignification
 E - 3 potions of magic
 F - 6 potions of berserk rage
 G - 2 potions of invisibility
 I - 2 potions of brilliance
 T - a potion of cancellation
Books
 V - a manual of Armour
Miscellaneous
 v - a box of beasts
 J - 2 phantom mirrors
 L - 2 sacks of spiders
 N - a fan of gales
 Q - a phial of floods
 R - a lamp of fire
Comestibles
 d - 18 bread rations
 g - 18 meat rations


   Skills:
 + Level 15.0 Fighting
 + Level 15.2 Short Blades
 + Level 15.0 Long Blades
 + Level 15.0 Axes
 + Level 15.0 Maces & Flails
 + Level 17.0 Polearms
 + Level 15.0 Staves
 + Level 15.0 Slings
 + Level 15.0 Bows
 + Level 15.0 Crossbows
 + Level 15.0 Throwing
 + Level 15.4 Armour
 + Level 15.5 Dodging
 + Level 15.9 Stealth
 + Level 15.0 Shields
 + Level 15.0 Unarmed Combat
 + Level 15.6 Spellcasting
 + Level 12.9 Conjurations
 + Level 13.8 Hexes
 + Level 12.9 Charms
 + Level 12.9 Summonings
 + Level 12.9 Necromancy
 + Level 12.9 Translocations
 + Level 12.9 Transmutations
 + Level 12.9 Fire Magic
 + Level 12.9 Ice Magic
 + Level 12.9 Air Magic
 + Level 12.9 Earth Magic
 + Level 12.9 Poison Magic
 + Level 16.2 Invocations
 + Level 15.0 Evocations


You had 7 spell levels left.
You knew the following spells:

 Your Spells              Type           Power        Failure   Level  Hunger
a - Bolt of Fire          Conj/Fire      ######....   11%         6    ####...
b - Confuse               Hex            #######.     1%          3    None
c - Ensorcelled Hibernat  Hex/Ice        ######       1%          2    None
d - Tukima's Dance        Hex            #######.     1%          3    None
e - Dazzling Spray        Conj/Hex       ######       1%          3    None
f - Corpse Rot            Necr           N/A          1%          2    None
g - Regeneration          Chrm/Necr      ######....   1%          3    None
h - Animate Skeleton      Necr           N/A          1%          1    None
i - Sticky Flame          Conj/Fire      ######..     1%          4    None
j - Conjure Flame         Conj/Fire      ######..     1%          3    None
k - Dispel Undead         Necr           ######..     1%          5    None
l - Shadow Creatures      Summ           N/A          11%         6    ####...
m - Freezing Cloud        Conj/Ice/Air   ######....   11%         6    ####...


Dungeon Overview and Level Annotations

Branches:
Dungeon (15/15)            Temple (1/1) D:5            Lair (6/6) D:8
  Swamp (4/4) Lair:2        Snake (4/4) Lair:4        Slime (0/5) Lair:5
    Orc (2/2) D:12            Elf (3/3) Orc:2        Vaults (4/5) D:13
  Crypt (0/3) Vaults:3     Depths (4/5) D:15

Altars:
Ashenzari
Cheibriados
Dithmenos
Elyvilon
Fedhas
Gozag
Hepliaklqana
Kikubaaqudgha
Makhleb
Nemelex Xobeh
Okawaru
Qazlal
Ru
Sif Muna
Trog
Uskayaw
Vehumet
Wu Jian
Xom
Yredelemnul
Zin
The Shining One
Beogh
Jiyva

Shops:
D:9 %   Orc:1 *   Orc:2 !:*%   Elf:1 *   Vaults:1 =%[?*   Vaults:3 :
Depths:1 [   Depths:3 (

Portals:
Hell: Depths:1 Depths:2 Depths:3
Abyss: Depths:3
Pandemonium: Depths:1 Depths:2 Depths:3
Trove: Depths:3 (give 2 scrolls of acquirement)

Annotations:
D:9 exclusion: orange crystal statue
Snake:2 Vashnia
Elf:2 5 runed doors


Innate Abilities, Weirdness & Mutations

Your experience applies equally to all skills.
You have very sharp teeth.
Your uncanny sense of smell can sniff out nearby items.
You possess an exceptional clarity of mind.
Potions are less effective at restoring your health.


Message History

You bite the frost giant!
The frost giant is heavily wounded.
Unknown command.
You puncture the frost giant! You bite the frost giant.
The frost giant is severely wounded.
Something hits you but does no damage. Something bites you but does no damage.
Unknown command.
You impale the frost giant!!
The frost giant is almost dead.
Unknown command.
You impale the frost giant!!
You kill the frost giant!
Kikubaaqudgha accepts your kill. Something completely misses you.
You block something's attack.
Unknown command.
You hit something. You closely miss something. You miss something.
Something hits you!
You die...
Kikubaaqudgha rasps: "You have failed me!
Welcome... death!"

###''..###.#.... ∆
##..''###...''.
##....###.§...#
#.....##.##...#
##....§#.#§..''#
#....§§..#§§##§.C..+
∆ #....##§§§.##
∆....+ #.⌠..#.){)##
...# #....####@§#
++# #.... #### ∆
#.... #... ∆ ∆ ∆


There were no monsters in sight!

Vanquished Creatures
  A juggernaut (Depths:2)
  Saint Roka (Orc:2)
  A caustic shrike (Depths:3)
  Nikola (Swamp:2)
  Jorgrun (Snake:3)
  Rupert (Orc:2)
  5 liches
  Asterion (Elf:2)
  A titan (Depths:2)
  A sphinx (shapeshifter) (Vaults:1)
  A deep elf blademaster (Elf:1)
  Gastronok (D:8)
  Agnes (Snake:4)
  A sphinx (Depths:4)
  3 tengu reavers
  A shadow dragon (Depths:3)
  3 thorn hunters
  7 nagarajas
  A fire giant (D:15)
  5 frost giants
  3 orc warlords
  A deep elf sorcerer (Elf:2)
  Louise (Snake:3)
  12 vault wardens
  A juggernaut zombie (Depths:3)
  2 deep elf elementalists
  8 ironheart preservers
  A reaper (Depths:1)
  A ghoul (Vaults:4)
  2 spriggan defenders (Depths:4)
  10 stone giants
  2 vampire knights
  13 very ugly things
  A deep elf demonologist (Elf:2)
  A lorocyproca (Depths:3)
  4 deep elf annihilators
  2 spark wasps
  The ghost of theanonym the Geomancer, a journeyman GrEE of Vehumet (Lair:2)
  4 fire dragons
  3 crystal guardians (Depths:3)
  A deep elf death mage (Vaults:2)
  The ghost of Syneil the Thaumaturge, a journeyman GnSk of Ashenzari (Lair:2)
  10 ettins
  10 yaktaur captains
  3 great orbs of eyes
  7 rakshasas
  2 spriggan air magi (Depths:4)
  The ghost of nht the Thrower, a novice OgBe of Trog (D:9)
  A merfolk avatar (Lair:6)
  7 ice dragons
  16 naga warriors
  2 ghost crabs
  23 hydras
  15 vault guards
  Harold (Orc:1)
  A death knight (Vaults:4)
  3 anacondas
  A tengu warrior (Depths:2)
  10 centaur warriors
  7 deep troll earth magi
  14 dancing weapons
  44 two-headed ogres
  3 alligators
  2 shock serpents
  15 ogre magi
  4 orc high priests (Orc:2)
  3 deep troll shamans
  5 spriggan berserkers
  A titan zombie (Depths:3)
  4 hell knights (Depths:2)
  Nergalle (D:12)
  Sonja (D:12)
  9 spriggans
  8 naga sharpshooters
  A sixfirhy (Depths:3)
  6 salamander mystics
  2 fire crabs (shapeshifter)
  17 deep elf knights
  An iron troll (Depths:2)
  2 skeletal warriors (Vaults:4)
  An unseen horror (D:12)
  2 sea snakes (Lair:6)
  2 unseen horrors (shapeshifter)
  2 glowing orange brains
  5 spriggan druids
  12 deep trolls
  9 swamp dragons
  4 shambling mangroves
  15 deep elf archers
  7 naga ritualists
  15 orc knights
  3 necromancers
  Pikel (D:5)
  A harpy (shapeshifter) (Elf:2)
  6 wizards
  A wolf spider zombie (D:13)
  4 harpies
  19 ironbrand convokers
  5 orc sorcerers
  3 wolf spiders
  A tengu skeleton (Depths:3)
  43 deep elf magi
  9 mana vipers
  2 salamanders (shapeshifter)
  4 cyclopes
  A human zombie (Vaults:3)
  A cyclops (shapeshifter) (Vaults:3)
  A manticore (Lair:6)
  14 salamanders
  34 ugly things
  2 centaur zombies
  12 naga magi
  A frost giant skeleton (Vaults:3)
  A human skeleton (Vaults:3)
  6 moths of wrath (Depths:2)
  36 black mambas
  14 vault sentinels
  A torpor snail (Lair:6)
  8 guardian serpents
  2 orange demons (Depths:3)
  9 elephants
  A smoke demon (Depths:1)
  2 gargoyles
  A spiny frog (shapeshifter) (Vaults:1)
  10 komodo dragons
  17 spiny frogs
  A yaktaur (shapeshifter) (Elf:1)
  3 freezing wraiths
  43 yaktaurs
  4 rime drakes
  3 ice devils
  A silent spectre (Depths:2)
  2 tengu conjurers
  A troll (shapeshifter) (Elf:2)
  4 polar bears (Lair:6)
  A queen bee (shapeshifter) (Vaults:2)
  3 hellwings
  6 tyrant leeches
  A polar bear (shapeshifter) (Depths:1)
  23 hornets
  10 trolls
  A shadow dragon simulacrum (Vaults:3)
  Prince Ribbit (D:7)
  6 hippogriffs
  A wind drake (Lair:6)
  10 dream sheep (Lair:6)
  4 bog bodies
  4 blink frogs (Lair:1)
  36 slime creatures
  3 shadows
  Sigmund (D:3)
  2 water elementals
  9 air elementals
  10 wyverns
  A wraith (D:12)
  A tarantella (shapeshifter) (Depths:2)
  A spriggan simulacrum (Depths:3)
  41 yaks
  A ynoxinul (Depths:1)
  2 humans (D:13)
  A human (shapeshifter) (Depths:1)
  26 vampire mosquitoes
  A fire bat (Volcano)
  8 basilisks
  2 fire elementals (Elf:1)
  A deep troll zombie (Vaults:3)
  18 swamp worms
  11 insubstantial wisps (Swamp:3)
  59 nagas
  4 wargs
  4 water moccasins
  3 hell hounds (Volcano)
  15 swamp drakes
  12 porcupines
  A soldier ant (D:11)
  6 sky beasts
  A black bear (shapeshifter) (Vaults:4)
  3 ice beasts
  57 orc warriors
  2 slaves (D:5)
  A necrophage (D:14)
  2 wolves
  An eye of draining (D:15)
  44 ogres
  9 boggarts
  14 crocodiles
  18 centaurs
  2 big kobolds (D:8)
  Blork the orc (D:5)
  18 bullfrogs
  3 earth elementals
  A water moccasin skeleton (D:8)
  A wyvern skeleton (D:12)
  3 scorpions
  A human simulacrum (Vaults:3)
  9 killer bees
  8 electric eels
  5 howler monkeys
  12 crimson imps
  A quasit (Depths:3)
  4 hounds
  2 jellies
  4 centaur skeletons
  Crazy Yiuf (D:7)
  An iron imp (Depths:2)
  40 orc wizards
  Ijyb (D:3)
  2 bullfrog skeletons
  8 iguanas
  32 orc priests
  5 hell rats
  12 worker ants
  A hound zombie (D:7)
  3 hound skeletons
  2 worker ant zombies
  22 gnolls
  10 adders
  A hound simulacrum (D:8)
  8 shadow imps
  4 white imps (Depths:3)
  An ufetubus (Depths:3)
  An ooze (D:7)
  An adder skeleton (D:4)
  2 worms (D:2)
  A dart slug (D:1)
  3 leopard geckos
  135 orcs
  2 ball pythons
  5 bats (D:1)
  4 giant cockroaches
  30 hobgoblins
  7 jackals
  11 quokkas
  3 frilled lizards
  22 goblins
  21 kobolds
  5 rats
1773 creatures vanquished.

Vanquished Creatures (collateral kills)
  Mara (Swamp:3)
  A nagaraja (Snake:4)
  2 ironheart preservers (Vaults:3)
  An ogre mage (Vaults:3)
  4 naga warriors
  2 two-headed ogres
  2 naga sharpshooters (Snake:4)
  A deep elf archer (Vaults:2)
  A naga ritualist (Snake:4)
  An orc knight (Vaults:4)
  A necromancer (Vaults:3)
  An ugly thing (D:15)
  A salamander (Snake:3)
  A vault sentinel (Vaults:3)
  A yaktaur (Vaults:3)
  A komodo dragon (Lair:6)
  2 slime creatures (Swamp:3)
  A tarantella (shapeshifter) (Vaults:3)
  6 nagas
  An orc warrior (D:7)
  An ice beast (D:10)
  4 ogres
  4 orcs
  A fungus (Lair:6)
42 creatures vanquished.

Vanquished Creatures (others)
  A fire giant (Vaults:4)
  A spriggan air mage (Depths:4)
  A deep elf knight (Elf:2)
  A deep elf archer (Elf:2)
  2 deep elf magi
  A guardian serpent (Snake:4)
  2 dancing weapons
  A water elemental (Elf:2)
  A killer bee (D:11)
  4 briar patches
  2 bushes (Lair:2)
  18 fungi (Lair:6)
  13 plants
48 creatures vanquished.

Grand Total: 1863 creatures vanquished

Notes
Turn   | Place    | Note
-------+----------+-------------------------------------------
     0 | D:1      | tsouns the Gnoll Enchanter began the quest for the Orb.
     0 | D:1      | Reached XP level 1. HP: 13/13 MP: 6/6
   144 | D:1      | Reached XP level 2. HP: 19/19 MP: 7/7
   263 | D:1      | Reached XP level 3. HP: 22/25 MP: 9/9
   289 | D:1      | Reached skill level 5 in Spellcasting
   429 | D:1      | Learned a level 3 spell: Confuse
   432 | D:1      | Learned a level 2 spell: Ensorcelled Hibernation
   436 | D:1      | Learned a level 3 spell: Tukima's Dance
   440 | D:1      | Learned a level 3 spell: Dazzling Spray
   528 | D:1      | Reached skill level 1 in Invocations
   878 | D:2      | Reached skill level 1 in Fighting
   878 | D:2      | Reached skill level 1 in Long Blades
   878 | D:2      | Reached skill level 1 in Axes
   878 | D:2      | Reached skill level 1 in Maces & Flails
   878 | D:2      | Reached skill level 1 in Polearms
   878 | D:2      | Reached skill level 1 in Staves
   878 | D:2      | Reached skill level 1 in Slings
   878 | D:2      | Reached skill level 1 in Bows
   878 | D:2      | Reached skill level 1 in Crossbows
   878 | D:2      | Reached skill level 1 in Throwing
   878 | D:2      | Reached skill level 1 in Armour
   878 | D:2      | Reached skill level 1 in Shields
   878 | D:2      | Reached skill level 1 in Unarmed Combat
   878 | D:2      | Reached skill level 1 in Evocations
   909 | D:2      | Reached XP level 4. HP: 31/32 MP: 11/11
  1387 | D:2      | Reached skill level 1 in Conjurations
  1387 | D:2      | Reached skill level 1 in Charms
  1387 | D:2      | Reached skill level 1 in Summonings
  1387 | D:2      | Reached skill level 1 in Necromancy
  1387 | D:2      | Reached skill level 1 in Translocations
  1387 | D:2      | Reached skill level 1 in Transmutations
  1387 | D:2      | Reached skill level 1 in Fire Magic
  1387 | D:2      | Reached skill level 1 in Ice Magic
  1387 | D:2      | Reached skill level 1 in Air Magic
  1387 | D:2      | Reached skill level 1 in Earth Magic
  1387 | D:2      | Reached skill level 1 in Poison Magic
  1653 | D:3      | Noticed Ijyb
  1898 | D:3      | Reached XP level 5. HP: 37/37 MP: 6/12
  1903 | D:3      | Killed Ijyb
  1990 | D:3      | Noticed Sigmund
  2001 | D:3      | Killed Sigmund
  2001 | D:3      | Reached XP level 6. HP: 44/44 MP: 5/14
  2187 | D:4      | Reached skill level 5 in Dodging
  2255 | D:4      | Reached skill level 2 in Polearms
  2412 | D:4      | Found a radiant altar of Vehumet.
  2415 | D:4      | Found a hide-covered altar of Uskayaw.
  2487 | D:4      | Reached XP level 7. HP: 45/50 MP: 15/15
  2882 | D:5      | Entered Level 5 of the Dungeon
  2942 | D:5      | Noticed Pikel
  3053 | D:5      | Found a staircase to the Ecumenical Temple.
  3060 | Temple   | Entered the Ecumenical Temple
  3257 | Temple   | Became a worshipper of Kikubaaqudgha
  3304 | D:5      | Killed Pikel
  3304 | D:5      | Reached XP level 8. HP: 57/57 MP: 13/16
  3371 | D:5      | Reached skill level 3 in Polearms
  3673 | D:5      | Noticed Blork the orc
  3676 | D:5      | Found a stormy altar of Qazlal.
  3680 | D:5      | Killed Blork the orc
  4149 | D:6      | Reached XP level 9. HP: 65/65 MP: 18/18
  4191 | D:6      | Reached * piety under Kikubaaqudgha
  4191 | D:6      | Identified Kikubaaqudgha's Reference Book on Evil (Kikubaaqudgha gifted it to you on level 6 of the Dungeon)
  4191 | D:6      | Received a gift from Kikubaaqudgha
  4208 | D:6      | Learned a level 2 spell: Corpse Rot
  4212 | D:6      | Learned a level 3 spell: Regeneration
  4437 | D:6      | Reached skill level 4 in Polearms
  4693 | D:6      | Reached skill level 5 in Short Blades
  4882 | D:6      | Found a sacrificial altar of Ru.
  4913 | D:7      | Noticed Prince Ribbit
  4922 | D:7      | Killed Prince Ribbit
  5235 | D:7      | Reached ** piety under Kikubaaqudgha
  5346 | D:7      | Reached skill level 5 in Invocations
  5582 | D:7      | Reached XP level 10. HP: 53/73 MP: 5/20
  5863 | D:7      | Found a runed door.
  5867 | D:7      | Noticed Crazy Yiuf
  5882 | D:7      | Killed Crazy Yiuf
  6595 | D:8      | Found a staircase to the Lair.
  6803 | D:8      | Reached skill level 5 in Fighting
  6803 | D:8      | Reached skill level 5 in Long Blades
  6803 | D:8      | Reached skill level 5 in Axes
  6803 | D:8      | Reached skill level 5 in Maces & Flails
  6803 | D:8      | Reached skill level 5 in Polearms
  6803 | D:8      | Reached skill level 5 in Staves
  6803 | D:8      | Reached skill level 5 in Slings
  6803 | D:8      | Reached skill level 5 in Bows
  6803 | D:8      | Reached skill level 5 in Crossbows
  6803 | D:8      | Reached skill level 5 in Throwing
  6803 | D:8      | Reached skill level 5 in Armour
  6803 | D:8      | Reached skill level 5 in Shields
  6803 | D:8      | Reached skill level 5 in Unarmed Combat
  6803 | D:8      | Reached skill level 5 in Evocations
  7055 | D:8      | Reached *** piety under Kikubaaqudgha
  7055 | D:8      | Identified Kikubaaqudgha's Catalogue of Black Rites (Kikubaaqudgha gifted it to you on level 8 of the Dungeon)
  7055 | D:8      | Received a gift from Kikubaaqudgha
  7061 | D:8      | Learned a level 1 spell: Animate Skeleton
  7263 | D:8      | Noticed Gastronok
  7839 | D:8      | Reached **** piety under Kikubaaqudgha
  7859 | D:8      | Reached XP level 11. HP: 49/81 MP: 3/22
  8077 | D:8      | Found a basalt altar of Yredelemnul.
  8539 | D:8      | Killed Gastronok
  8539 | D:8      | Reached skill level 6 in Polearms
  8539 | D:8      | Reached skill level 5 in Conjurations
  8539 | D:8      | Reached skill level 5 in Charms
  8539 | D:8      | Reached skill level 5 in Summonings
  8539 | D:8      | Reached skill level 5 in Necromancy
  8539 | D:8      | Reached skill level 5 in Translocations
  8539 | D:8      | Reached skill level 5 in Transmutations
  8539 | D:8      | Reached skill level 5 in Fire Magic
  8539 | D:8      | Reached skill level 5 in Ice Magic
  8539 | D:8      | Reached skill level 5 in Air Magic
  8539 | D:8      | Reached skill level 5 in Earth Magic
  8539 | D:8      | Reached skill level 5 in Poison Magic
  8675 | Lair:1   | Entered Level 1 of the Lair of Beasts
  9149 | Lair:1   | Learned a level 4 spell: Sticky Flame
  9464 | Lair:1   | Learned a level 3 spell: Conjure Flame
  9683 | Lair:2   | Noticed Syneil's ghost (journeyman GnSk)
  9699 | Lair:2   | Noticed a four-headed hydra
  9736 | Lair:2   | Noticed theanonym's ghost (journeyman GrEE)
  9847 | Lair:1   | Reached XP level 12. HP: 32/89 MP: 0/24
 10117 | Lair:1   | Killed a four-headed hydra
 10299 | D:9      | Noticed a two-headed ogre
 10316 | D:9      | Noticed a two-headed ogre
 10321 | D:9      | Killed a two-headed ogre
 10327 | D:9      | Killed a two-headed ogre
 10327 | D:9      | Reached skill level 7 in Polearms
 10502 | D:9      | Noticed nht's ghost (novice OgBe)
 10521 | D:9      | Killed nht's ghost
 10576 | D:9      | Found a bloodstained altar of Trog.
 10584 | D:9      | Found a blossoming altar of Fedhas.
 10821 | D:9      | Found a snail-covered altar of Cheibriados.
 10874 | D:9      | Found an ornate altar of the Wu Jian Council.
 10875 | D:9      | Found a deep blue altar of Sif Muna.
 11058 | D:9      | Found Qoeb's Food Shop.
 11472 | D:10     | Entered Level 10 of the Dungeon
 11675 | D:10     | Noticed a two-headed ogre
 11681 | D:10     | Killed a two-headed ogre
 11786 | D:10     | Noticed a two-headed ogre
 11804 | D:10     | Killed a two-headed ogre
 12981 | D:12     | Reached ***** piety under Kikubaaqudgha
 13057 | D:12     | Found a staircase to the Orcish Mines.
 13220 | D:12     | Noticed Sonja
 13242 | D:12     | Killed Sonja
 13446 | D:12     | Noticed a four-headed hydra
 13462 | D:12     | Killed a four-headed hydra
 13508 | D:12     | Noticed a six-headed hydra
 13511 | D:12     | Noticed Nergalle
 13523 | D:12     | Killed a six-headed hydra
 13523 | D:12     | Reached XP level 13. HP: 60/98 MP: 16/26
 13542 | D:12     | Killed Nergalle
 13681 | D:12     | Found a frozen archway.
 14070 | D:13     | Reached skill level 8 in Polearms
 14070 | D:13     | Reached skill level 10 in Stealth
 14181 | D:13     | Noticed a vault guard
 14181 | D:13     | Noticed a vault guard
 14304 | D:13     | Killed a vault guard
 14312 | D:13     | Noticed a vault guard
 14328 | D:13     | Killed a vault guard
 14390 | D:13     | Killed a vault guard
 14904 | D:13     | Found a gate to the Vaults.
 14904 | D:13     | Noticed a vault guard
 14907 | D:13     | Killed a vault guard
 15138 | D:14     | Found a sacrificial altar of Ru.
 15233 | D:14     | Found a shadowy altar of Dithmenos.
 15846 | D:15     | Entered Level 15 of the Dungeon
 15872 | D:15     | Reached skill level 10 in Spellcasting
 15898 | D:14     | Reached XP level 14. HP: 54/106 MP: 0/28
 16154 | D:14     | Gained mutation: You are frail. (-10% HP) [potion of mutation]
 16154 | D:14     | Gained mutation: You have extremely sharp teeth. [potion of mutation]
 16155 | D:14     | Lost mutation: You are frail. (-10% HP) [potion of mutation]
 16155 | D:14     | Lost mutation: You have extremely sharp teeth. [potion of mutation]
 16155 | D:14     | Gained mutation: Your flesh is cold resistant. (rC+) [potion of mutation]
 16155 | D:14     | Gained mutation: Your magical capacity is low. (-10% MP) [potion of mutation]
 16155 | D:14     | Gained mutation: Armour fits poorly on your strangely shaped body. [potion of mutation]
 16156 | D:14     | Lost mutation: Your flesh is cold resistant. (rC+) [potion of mutation]
 16156 | D:14     | Lost mutation: Armour fits poorly on your strangely shaped body. [potion of mutation]
 16156 | D:14     | Lost mutation: Your magical capacity is low. (-10% MP) [potion of mutation]
 16156 | D:14     | Gained mutation: Your flesh is cold resistant. (rC+) [potion of mutation]
 16156 | D:14     | Gained mutation: Potions are less effective at restoring your health. [potion of mutation]
 16156 | D:14     | Lost mutation: Your flesh is cold resistant. (rC+) [potion of mutation]
 16156 | D:14     | Gained mutation: You possess an exceptional clarity of mind. [potion of mutation]
 16481 | Lair:1   | Learned a level 5 spell: Dispel Undead
 16524 | Lair:2   | Killed theanonym's ghost
 16742 | Lair:2   | Found a staircase to the Swamp.
 16751 | Lair:2   | Reached skill level 10 in Dodging
 16873 | Lair:2   | Killed Syneil's ghost
 16961 | Lair:2   | Reached ****** piety under Kikubaaqudgha
 17142 | Lair:2   | Reached skill level 9 in Polearms
 17577 | Lair:3   | Got a polished long sword
 17581 | Lair:3   | Identified the +5 long sword "Yphaos" {flame, Dex+4} (You found it on level 3 of the Lair of Beasts)
 17773 | Lair:3   | Found a sparkling altar of Nemelex Xobeh.
 18508 | Lair:4   | Found a dark tunnel.
 18699 | Lair:4   | Found a staircase to the Snake Pit.
 18990 | Volcano  | Entered a volcano
 19055 | Volcano  | Reached skill level 10 in Invocations
 19592 | Lair:5   | Found a viscous altar of Jiyva.
 19592 | Lair:5   | Found a staircase to the Slime Pits.
 20054 | Lair:6   | Entered Level 6 of the Lair of Beasts
 20776 | Lair:6   | Reached XP level 15. HP: 114/114 MP: 21/29
 20885 | Lair:5   | Reached skill level 10 in Short Blades
 21903 | Lair:1   | Identified a +5 rapier of pain (a +3 vampiric rapier bloodied by Kikubaaqudgha)
 21903 | Lair:1   | Received a gift from Kikubaaqudgha
 22051 | Orc:1    | Entered Level 1 of the Orcish Mines
 22127 | Orc:1    | Noticed Harold
 22138 | Orc:1    | Killed Harold
 22360 | Orc:1    | Found Malleo's General Store.
 22422 | Orc:1    | Reached skill level 10 in Hexes
 22500 | Orc:1    | Found a flagged portal.
 22508 | Bailey   | Entered a bailey
 22778 | Bailey   | Noticed an orc warlord
 22794 | Bailey   | Killed an orc warlord
 22883 | Bailey   | Reached skill level 10 in Fighting
 22883 | Bailey   | Reached skill level 10 in Long Blades
 22883 | Bailey   | Reached skill level 10 in Axes
 22883 | Bailey   | Reached skill level 10 in Maces & Flails
 22883 | Bailey   | Reached skill level 10 in Polearms
 22883 | Bailey   | Reached skill level 10 in Staves
 22883 | Bailey   | Reached skill level 10 in Slings
 22883 | Bailey   | Reached skill level 10 in Bows
 22883 | Bailey   | Reached skill level 10 in Crossbows
 22883 | Bailey   | Reached skill level 10 in Throwing
 22883 | Bailey   | Reached skill level 10 in Armour
 22883 | Bailey   | Reached skill level 10 in Shields
 22883 | Bailey   | Reached skill level 10 in Unarmed Combat
 22883 | Bailey   | Reached skill level 10 in Evocations
 23119 | Bailey   | Reached XP level 16. HP: 122/122 MP: 31/31
 23122 | Bailey   | Identified a scroll of acquirement
 23131 | Bailey   | Identified the Handbook of Frigorific Flames
 23310 | Orc:1    | Found a burning altar of Makhleb.
 23439 | Orc:2    | Entered Level 2 of the Orcish Mines
 23724 | Orc:2    | Found a roughly hewn altar of Beogh.
 23730 | Orc:2    | Noticed Saint Roka
 23771 | Orc:2    | Killed Saint Roka
 24010 | Orc:2    | Found a staircase to the Elven Halls.
 24036 | Orc:2    | Noticed Rupert
 24048 | Orc:2    | Paralysed by Rupert for 5 turns
 24068 | Orc:2    | Killed Rupert
 24225 | Orc:1    | Upgraded the game from 0.21-a0-364-gbd1fde4 to 0.21-a0-400-g417d9d2
 24380 | Orc:2    | Found Haopp's Food Shoppe.
 24380 | Orc:2    | Found Ysushuus's General Store.
 24381 | Orc:2    | Found Feutym's Distillery.
 24384 | Orc:2    | Found Joataf's Book Emporium.
 24388 | Orc:2    | Bought a scroll of magic mapping for 45 gold pieces
 24389 | Orc:2    | Bought a potion of invisibility for 104 gold pieces
 24389 | Orc:2    | Bought a potion of haste for 130 gold pieces
 24389 | Orc:2    | Bought a potion of heal wounds for 65 gold pieces
 24389 | Orc:2    | Bought 2 potions of haste for 260 gold pieces
 24389 | Orc:2    | Bought a potion of curing for 39 gold pieces
 24389 | Orc:2    | Bought a potion of curing for 39 gold pieces
 24411 | Orc:2    | Upgraded the game from 0.21-a0-400-g417d9d2 to 0.21-a0-401-g0b6bec4
 25074 | Orc:2    | Identified the Volume of the Enthralling Glacier
 25171 | Orc:2    | Learned a level 6 spell: Shadow Creatures
 25341 | Orc:2    | Reached XP level 17. HP: 119/129 MP: 32/32
 25602 | D:15     | Found a staircase to the Depths.
 26012 | Snake:1  | Entered Level 1 of the Snake Pit
 27435 | Snake:2  | Noticed Vashnia
 27841 | Snake:3  | Upgraded the game from 0.21-a0-401-g0b6bec4 to 0.21-a0-450-gd87a9b2
 28055 | Snake:3  | Reached skill level 11 in Polearms
 28112 | Snake:3  | Noticed Louise
 28140 | Snake:3  | Killed Louise
 28871 | Snake:3  | Upgraded the game from 0.21-a0-450-gd87a9b2 to 0.21-a0-504-g2eda330
 29057 | Snake:3  | Noticed Jorgrun
 29096 | Snake:3  | Killed Jorgrun
 29746 | Swamp:1  | Entered Level 1 of the Swamp
 30201 | Swamp:1  | Reached XP level 18. HP: 105/138 MP: 21/34
 30652 | Swamp:2  | Reached XP level 19. HP: 144/144 MP: 33/35
 31091 | Swamp:2  | Noticed Nikola
 31110 | Swamp:2  | Killed Nikola
 31271 | Swamp:2  | Reached skill level 10 in Conjurations
 31271 | Swamp:2  | Reached skill level 10 in Charms
 31271 | Swamp:2  | Reached skill level 10 in Summonings
 31271 | Swamp:2  | Reached skill level 10 in Necromancy
 31271 | Swamp:2  | Reached skill level 10 in Translocations
 31271 | Swamp:2  | Reached skill level 10 in Transmutations
 31271 | Swamp:2  | Reached skill level 10 in Fire Magic
 31271 | Swamp:2  | Reached skill level 10 in Ice Magic
 31271 | Swamp:2  | Reached skill level 10 in Air Magic
 31271 | Swamp:2  | Reached skill level 10 in Earth Magic
 31271 | Swamp:2  | Reached skill level 10 in Poison Magic
 31980 | Swamp:3  | Noticed Mara
 32044 | Swamp:3  | Killed Mara
 32091 | Swamp:3  | Reached skill level 12 in Polearms
 32617 | Swamp:4  | Entered Level 4 of the Swamp
 34053 | Swamp:4  | Got a decaying rune of Zot
 34335 | Snake:4  | Entered Level 4 of the Snake Pit
 34575 | Snake:4  | Found a shimmering altar of Xom.
 34798 | Snake:4  | Noticed Agnes
 34822 | Snake:4  | Killed Agnes
 35090 | Snake:4  | Reached XP level 20. HP: 47/153 MP: 37/37
 35908 | Snake:4  | Reached skill level 13 in Polearms
 37234 | Snake:4  | Got a serpentine rune of Zot
 37322 | Snake:4  | Identified the +10 triple crossbow "Goblin's Foe" {penet, +Fly rElec rPois Str-5} (You took it off a naga warrior on level 4 of the Snake Pit)
 37637 | Orc:2    | Learned a level 6 spell: Freezing Cloud
 37766 | Vaults:1 | Entered Level 1 of the Vaults
 38135 | Vaults:1 | Found Inoth's Magic Scroll Shoppe.
 38182 | Vaults:1 | Bought a scroll of fear for 42 gold pieces
 38182 | Vaults:1 | Bought a scroll of enchant weapon for 90 gold pieces
 38182 | Vaults:1 | Bought a scroll of teleportation for 36 gold pieces
 38182 | Vaults:1 | Bought a scroll of teleportation for 36 gold pieces
 38353 | Vaults:1 | Found Jeitwof's Armour Shoppe.
 38361 | Vaults:1 | Bought a +2 pair of gloves of strength for 387 gold pieces
 38631 | Vaults:1 | Found Tyuniz's Assorted Antiques.
 38639 | Vaults:1 | Bought a scroll of identify for 64 gold pieces
 38639 | Vaults:1 | Bought a large bone amulet for 160 gold pieces
 38639 | Vaults:1 | Bought a phantom mirror for 960 gold pieces
 38639 | Vaults:1 | Bought a sack of spiders for 640 gold pieces
 38727 | Vaults:1 | Identified the cursed +0 robe of Gonwyhic {rC++ MR- Dex+3 Slay+5} (You took it off a yaktaur captain on level 1 of the Vaults)
 38987 | Vaults:1 | Found Qaumoh's Jewellery Emporium.
 39112 | Vaults:1 | Found Bimagiov's Food Emporium.
 39117 | Vaults:1 | Bought a bread ration for 50 gold pieces
 39117 | Vaults:1 | Bought a meat ration for 50 gold pieces
 39117 | Vaults:1 | Bought a meat ration for 50 gold pieces
 39117 | Vaults:1 | Bought a bread ration for 50 gold pieces
 39117 | Vaults:1 | Bought a meat ration for 50 gold pieces
 39117 | Vaults:1 | Bought a meat ration for 50 gold pieces
 39117 | Vaults:1 | Bought a bread ration for 50 gold pieces
 39476 | Vaults:2 | Reached skill level 14 in Polearms
 39574 | Vaults:2 | Reached XP level 21. HP: 53/161 MP: 32/38
 41080 | Vaults:3 | Found Cytten's Book Shop.
 42208 | Vaults:3 | Found a staircase to the Crypt.
 42208 | Vaults:3 | Found a basalt altar of Yredelemnul.
 42209 | Vaults:3 | Found an ancient bone altar of Kikubaaqudgha.
 42826 | Vaults:4 | Reached skill level 15 in Polearms
 43039 | Vaults:4 | Learned a level 6 spell: Bolt of Fire
 43103 | Vaults:4 | Reached XP level 22. HP: 109/170 MP: 34/40
 44902 | Elf:1    | Entered Level 1 of the Elven Halls
 44979 | Elf:1    | Reached skill level 15 in Invocations
 45030 | Elf:1    | Found Afaf's General Store.
 45822 | Elf:1    | Reached skill level 15 in Stealth
 46091 | Elf:2    | Reached skill level 16 in Polearms
 46195 | Elf:2    | Noticed Asterion
 46221 | Elf:2    | Killed Asterion
 46934 | Elf:2    | Found a huge runed gate.
 46934 | Elf:2    | Found a huge runed gate.
 46934 | Elf:2    | Found a huge runed gate.
 46935 | Elf:2    | Found a huge runed gate.
 46937 | Elf:2    | Found a huge runed gate.
 47001 | Elf:3    | Entered Level 3 of the Elven Halls
 47108 | Elf:3    | Reached XP level 23. HP: 176/178 MP: 41/41
 47695 | Depths:1 | Entered Level 1 of the Depths
 48089 | Depths:1 | Found Norchas's Antique Armour Shoppe.
 48109 | Depths:1 | Bought a pair of glowing boots for 195 gold pieces
 48165 | Depths:1 | Found a one-way gate leading to the halls of Pandemonium.
 48438 | Depths:1 | Reached skill level 15 in Spellcasting
 48716 | Depths:1 | Found a gateway to Hell.
 48883 | Depths:1 | Found a sparkling altar of Nemelex Xobeh.
 49411 | Depths:2 | Reached skill level 15 in Dodging
 49808 | Depths:2 | Found a transporter.
 49810 | Depths:2 | Identified Sif Muna's Tome of Shape Shifting and Clay
 49821 | Depths:2 | Found a transporter.
 49821 | Depths:2 | Found a runed door.
 49907 | Depths:2 | Noticed a juggernaut
 49936 | Depths:2 | Killed a juggernaut
 49952 | Depths:2 | Found a bloodstained altar of Trog.
 49953 | Depths:2 | Found the cursed necklace of Bloodlust {*Rage +Rage MR++ Int-3 Slay+6 *Curse}
 50137 | Depths:2 | Identified the +10 plate armour of Getuaff {rPois} (You found it on level 2 of the Depths)
 50605 | Depths:2 | Found a hide-covered altar of Uskayaw.
 52115 | Depths:3 | Upgraded the game from 0.21-a0-504-g2eda330 to 0.21-a0-507-ga8f6b7a
 52123 | Depths:3 | Noticed a caustic shrike
 52135 | Depths:3 | Killed a caustic shrike
 52137 | Depths:3 | Reached skill level 15 in Short Blades
 52413 | Depths:3 | Reached skill level 15 in Armour
 52413 | Depths:3 | Reached XP level 24. HP: 140/187 MP: 40/42
 52695 | Depths:3 | Identified the +5 leather armour "Comauhae" {rN++ MR+} (You took it off a wizard on level 3 of the Depths)
 53198 | Depths:3 | Reached skill level 17 in Polearms
 53292 | Depths:3 | Found a one-way gate to the infinite horrors of the Abyss.
 53374 | Depths:3 | Found Ruetziwn's Weapon Shop.
 53487 | Depths:3 | Found a portal to a secret trove of treasure.
 53821 | Depths:4 | Reached skill level 15 in Fighting
 53821 | Depths:4 | Reached skill level 15 in Long Blades
 53821 | Depths:4 | Reached skill level 15 in Axes
 53821 | Depths:4 | Reached skill level 15 in Maces & Flails
 53821 | Depths:4 | Reached skill level 15 in Staves
 53821 | Depths:4 | Reached skill level 15 in Slings
 53821 | Depths:4 | Reached skill level 15 in Bows
 53821 | Depths:4 | Reached skill level 15 in Crossbows
 53821 | Depths:4 | Reached skill level 15 in Throwing
 53821 | Depths:4 | Reached skill level 15 in Shields
 53821 | Depths:4 | Reached skill level 15 in Unarmed Combat
 53821 | Depths:4 | Reached skill level 15 in Evocations
 54298 | Depths:4 | HP: 2/282 [something/vampiric draining (22)]
 54305 | Depths:4 | Mangled by a vampire knight

Vault maps used:
D:1:      minmay_arrival_three_doors
D:3:      dk_noncrumbling_4, uniq_ijyb, uniq_sigmund
D:4:      old_standard_altar, overflow_temple_1_default, first_bread
D:5:      minmay_temple_entry_junction, nicolae_qazlal_general_emergency,
          uniq_blork_the_orc, uniq_pikel
D:6:      lemuel_coloured_pillars_altar
D:7:      uniq_prince_ribbit1, uniq_crazy_yiuf_cottage
D:8:      nicolae_overflow_crystal_walls, minmay_lair_entry_grove, serial_ice,
          serial_ice_n, serial_ice_a, serial_ice_k, serial_ice_d, uniq_gastronok
D:9:      fedhas_altar_3, cheibriados_altar_1, bloody_trog, minitemple,
          serial_shops, kennysheep_mini, minmay_statue_bubble
D:11:     hangedman_pestilent_swarm, eino_small_chamber_without_monster
D:12:     orc_0_dummy, portal_ice_cave_demonic_guard, uniq_sonja, uniq_nergalle
D:13:     grunt_vaults_entry_fortified
D:14:     nicolae_ru_sacrificial_ziggurat, nicolae_dithmenos_the_darkroom
D:15:     grunt_enter_depths_giant_problem, minmay_tree_intersection
Temple:   nicolae_temple_figure_eight
Lair:1:   minivault_27
Lair:2:   minmay_swamp_entry_swarm, wad_woods_06, serial_bayou_shore_b
Lair:3:   lemuel_centaur_altar
Lair:4:   minmay_snake_entry_guardpost_medium, nicolae_volcano_entry_two_sided,
          lemuel_fruit_tree
Lair:5:   slime_altar_1
Lair:6:   gammafunk_lair_ancient_temple, disabler_island, serial_bayou_shore_a
Swamp:1:  evilmike_swamp_ruin_house_6, swamp_pool3
Swamp:2:  evilmike_swamp_ruin_house_3, swamp_pool1, uniq_nikola
Swamp:3:  evilmike_swamp_ruin_house_4, uniq_mara
Swamp:4:  swamp
Snake:1:  spider_trap
Snake:2:  minmay_shop_star, uniq_vashnia
Snake:3:  nrook_guardian_serpent_snake_passage, uniq_jorgrun, uniq_louise
Snake:4:  johnstein_snake_rune_scales, basic_altar, uniq_agnes
Orc:1:    cheibrodos_orc_arena, serial_shops, shop, enter_bailey_2,
          bloody_makhleb, uniq_harold
Orc:2:    st_orc_mages, basic_altar, minmay_orc_treasury, uniq_saint_roka,
          uniq_rupert
Elf:1:    cheibrodos_elf_bladeworks, serial_shops, nicolae_shop_behind_doors,
          minivault_28
Elf:2:    grunt_megastairs_1, uniq_asterion, uniq_azrael
Elf:3:    minmay_elf_hall_hex, spider_trap
Vaults:1: nicolae_vaults_border_crossing, vaults_room_hangedman_quadrants,
          v_misc_4, grunt_vaults_focal, nicolae_vaults_alarming, v_misc_18,
          vaults_room_hallway, grunt_vaults_funnel, vaults_room_hallway,
          serial_shops, nicolae_shop_crystal,
          nicolae_shop_temple_entry_statues_fountains, nicolae_shop_crystal,
          shop, shop
Vaults:2: ontoclasm_vaults_loading_screen, v_alt_pattern_6,
          nicolae_vaults_little_squares_6, ontoclasm_vaults_eye, v_misc_15
Vaults:3: nicolae_vaults_little_squares_6, minmay_crypt_entry_necro_gods,
          v_misc_26, nicolae_vaults_stairing_the_circle, vaults_room_door_hall,
          hangedman_vaults_maws, nicolae_vaults_three_branches, v_pattern_1,
          v_misc_15, v_alt_pattern_3, ontoclasm_vaults_hangar, serial_shops,
          shop
Vaults:4: nicolae_vaults_what_the_h, vaults_mumra_chevron_long, v_alt_pattern_4,
          nicolae_vaults_fighting_squares, ontoclasm_vaults_ring_square,
          vaults_room_pool, vaults_dpeg_ring, v_alt_pattern_2, v_pattern_3,
          nicolae_vaults_little_squares_3, v_misc_1, vaults_room_large_hall,
          v_misc_3, nicolae_vaults_little_squares_6
Depths:1: rand_demon_pan_entry_7, serial_shops, shop, minmay_misc_feat_columns,
          hell_entry, dk_noncrumbling_2, st_stairs_9,
          nemelex_xobeh_ov_fountains_minmay
Depths:2: emtedronai_trogs_sanctum, old_standard_altar, hell_entry,
          rand_demon_pan_entry_3, infiniplex_staircase_pool_1
Depths:3: minmay_the_grid_3x2, enter_trove_1, minmay_misc_feat_more_columns,
          serial_shops, shop, abyss_entry, hell_entry, grunt_pan_entry_sceptre
Depths:4: grunt_runaround, hell_entry, abyss_entry, pan_entry
Bailey:   bailey_axe_minmay_hex_keep, bailey
Volcano:  volcano_village

Skill      XL: |  1  2  3  4  5  6  7  8  9 10 11 12 13 14 15 16 17 18 19 20 21 22 23 24 |
---------------+-------------------------------------------------------------------------+-----
Spellcasting   | 5 6 7 8 9 10 11 12 13 14 15 | 15.6
Stealth        | 6 7 8 9 10 11 12 13 14 15 | 15.9
Invocations    | 1 2 3 4 5 6 7 8 9 10 11 12 13 14 15 16 | 16.2
Fighting       | 1 2 3 4 5 6 7 8 9 10 11 12 13 14 15 | 15.0
Long Blades    | 1 2 3 4 5 6 7 8 9 10 11 12 13 14 15 | 15.0
Axes           | 1 2 3 4 5 6 7 8 9 10 11 12 13 14 15 | 15.0
Maces & Flails | 1 2 3 4 5 6 7 8 9 10 11 12 13 14 15 | 15.0
Polearms       | 1 2 3 4 5 6 7 8 9 10 11 12 14 15 16 17 | 17.0
Staves         | 1 2 3 4 5 6 7 8 9 10 11 12 13 14 15 | 15.0
Slings         | 1 2 3 4 5 6 7 8 9 10 11 12 13 14 15 | 15.0
Bows           | 1 2 3 4 5 6 7 8 9 10 11 12 13 14 15 | 15.0
Crossbows      | 1 2 3 4 5 6 7 8 9 10 11 12 13 14 15 | 15.0
Throwing       | 1 2 3 4 5 6 7 8 9 10 11 12 13 14 15 | 15.0
Armour         | 1 2 3 4 5 6 7 8 9 10 11 12 13 14 15 | 15.4
Shields        | 1 2 3 4 5 6 7 8 9 10 11 12 13 14 15 | 15.0
Unarmed Combat | 1 2 3 4 5 6 7 8 9 10 11 12 13 14 15 | 15.0
Evocations     | 1 2 3 4 5 6 7 8 9 10 11 12 13 14 15 | 15.0
Conjurations   | 1 2 3 4 5 6 7 8 9 10 11 12 | 12.9
Charms         | 1 2 3 4 5 6 7 8 9 10 11 12 | 12.9
Summonings     | 1 2 3 4 5 6 7 8 9 10 11 12 | 12.9
Necromancy     | 1 2 3 4 5 6 7 8 9 10 11 12 | 12.9
Translocations | 1 2 3 4 5 6 7 8 9 10 11 12 | 12.9
Transmutations | 1 2 3 4 5 6 7 8 9 10 11 12 | 12.9
Fire Magic     | 1 2 3 4 5 6 7 8 9 10 11 12 | 12.9
Ice Magic      | 1 2 3 4 5 6 7 8 9 10 11 12 | 12.9
Air Magic      | 1 2 3 4 5 6 7 8 9 10 11 12 | 12.9
Earth Magic    | 1 2 3 4 5 6 7 8 9 10 11 12 | 12.9
Poison Magic   | 1 2 3 4 5 6 7 8 9 10 11 12 | 12.9
Short Blades   | 3 4 5 6 7 8 9 10 11 12 13 14 15 | 15.2
Dodging        | 5 6 7 8 9 10 11 12 13 14 15 | 15.5
Hexes          | 6 7 8 9 10 11 12 13 | 13.8

Action                   |  1- 3 |  4- 6 |  7- 9 | 10-12 | 13-15 | 16-18 | 19-21 | 22-24 || total
-------------------------+-------+-------+-------+-------+-------+-------+-------+-------++-------
Melee: Dagger            |    93 |   112 |   262 |   649 |   798 |       |       |       ||  1914
       Bite              |     2 |    10 |    27 |    67 |   119 |   110 |   327 |   315 ||   977
       Punch             |       |       |     6 |     9 |       |       |       |       ||    15
       Rapier            |       |       |       |       |   308 |  1001 |  2423 |  2033 ||  5765
 Cast: Confuse           |       |    10 |    28 |    37 |   112 |    40 |    44 |    17 ||   288
       Ensorcelled Hiber |       |     8 |    34 |    83 |   155 |   120 |    75 |    13 ||   488
       Tukima's Dance    |       |     2 |     5 |    15 |       |    37 |       |     6 ||    65
       Dazzling Spray    |       |       |       |    13 |    53 |    70 |    31 |    13 ||   180
       Sticky Flame      |       |       |       |     7 |     5 |    17 |    44 |     3 ||    76
       Conjure Flame     |       |       |       |     5 |     4 |     1 |     5 |     2 ||    17
       Dispel Undead     |       |       |       |       |     8 |       |     4 |     9 ||    21
       Animate Skeleton  |       |       |       |       |       |       |     2 |       ||     2
       Regeneration      |       |       |       |       |       |       |     2 |       ||     2
       Shadow Creatures  |       |       |       |       |       |       |    14 |     1 ||    15
       Freezing Cloud    |       |       |       |       |       |       |    15 |    13 ||    28
       Bolt of Fire      |       |       |       |       |       |       |       |    13 ||    13
Invok: Brand Weapon With |       |       |       |       |     1 |       |       |       ||     1
 Abil: Evoke Invisibilit |       |       |       |       |       |       |     3 |     4 ||     7
       Evoke Berserk Rag |       |       |       |       |       |       |       |     2 ||     2
Evoke: Wand              |       |       |       |     1 |    12 |     8 |     2 |     8 ||    31
       Phial of floods   |       |       |       |       |     2 |       |     1 |       ||     3
  Use: Scroll            |     5 |     4 |     5 |    13 |    12 |    11 |    19 |    11 ||    80
       Potion            |       |       |       |       |    12 |     2 |     7 |    12 ||    33
 Stab: Sleeping          |    14 |     8 |    31 |    56 |   105 |    50 |    50 |    24 ||   338
       Confused          |       |     5 |    12 |    25 |    41 |    16 |    21 |     8 ||   128
       Distracted        |       |       |     1 |     2 |     5 |     3 |     5 |     3 ||    19
       Invisible         |       |       |       |       |     6 |    21 |    11 |    14 ||    52
  Eat: Chunk             |       |     5 |     7 |     9 |     2 |     1 |     1 |     9 ||    34
       Royal jelly       |       |     2 |       |     4 |    10 |       |     3 |     2 ||    21
       Fruit             |       |       |       |     6 |    13 |     6 |       |     6 ||    31
       Bread ration      |       |       |       |     1 |       |     2 |     4 |     5 ||    12
       Meat ration       |       |       |       |       |       |     2 |     5 |     1 ||     8
Armor: Robe              |    25 |     9 |    26 |    82 |    96 |       |       |       ||   238
       Storm dragon scal |       |       |       |       |    98 |   510 |   358 |   497 ||  1463
       Swamp dragon scal |       |       |       |       |       |       |   435 |    13 ||   448
       Shadow dragon sca |       |       |       |       |       |       |       |   118 ||   118
Dodge: Dodged            |    65 |    59 |   132 |   320 |   431 |   284 |  1119 |   606 ||  3016
Block: Other             |       |       |    15 |    23 |       |       |       |       ||    38
       Reflection        |       |       |     2 |     3 |       |       |       |       ||     5
       Buckler           |       |       |       |    96 |   281 |   348 |   892 |   521 ||  2138

Table legend:
 A = Spawn XP
 B = Non-spawn XP
 C = Spawn XP percentage of total XP
 D = Spawn monster count
 E = Non-spawn monster count
 F = Spawn count percentage of total count
 G = Total turns spent on level
                    A         B        C        D         E        F      G
               +---------+---------+-------+---------+---------+-------+---------
         Total |       0 |  759015 |   0.0 |       0 |    1820 |   0.0 | 54305
               +---------+---------+-------+---------+---------+-------+---------
           D:1 |       0 |      59 |   0.0 |       0 |      32 |   0.0 |   744
           D:2 |       0 |      77 |   0.0 |       0 |      20 |   0.0 |   734
           D:3 |       0 |     300 |   0.0 |       0 |      13 |   0.0 |   674
           D:4 |       0 |     285 |   0.0 |       0 |      13 |   0.0 |   730
           D:5 |       0 |    1061 |   0.0 |       0 |      15 |   0.0 |   894
           D:6 |       0 |    1584 |   0.0 |       0 |      35 |   0.0 |   927
           D:7 |       0 |    2428 |   0.0 |       0 |      52 |   0.0 |  2294
           D:8 |       0 |    6464 |   0.0 |       0 |      64 |   0.0 |  1646
           D:9 |       0 |    2504 |   0.0 |       0 |      11 |   0.0 |  1249
          D:10 |       0 |    1992 |   0.0 |       0 |      12 |   0.0 |   903
          D:11 |       0 |    2646 |   0.0 |       0 |      17 |   0.0 |   700
          D:12 |       0 |    7948 |   0.0 |       0 |      42 |   0.0 |  1248
          D:13 |       0 |   12609 |   0.0 |       0 |      38 |   0.0 |  1124
          D:14 |       0 |    4882 |   0.0 |       0 |      19 |   0.0 |  1103
          D:15 |       0 |    8291 |   0.0 |       0 |      22 |   0.0 |   648
        Lair:1 |       0 |    6223 |   0.0 |       0 |      22 |   0.0 |  1857
        Lair:2 |       0 |    9193 |   0.0 |       0 |      32 |   0.0 |  1221
        Lair:3 |       0 |    2225 |   0.0 |       0 |      14 |   0.0 |   926
        Lair:4 |       0 |    3513 |   0.0 |       0 |      21 |   0.0 |   704
        Lair:5 |       0 |    3240 |   0.0 |       0 |      14 |   0.0 |  1034
        Lair:6 |       0 |   19780 |   0.0 |       0 |      67 |   0.0 |  1549
       Swamp:1 |       0 |   13408 |   0.0 |       0 |      28 |   0.0 |  1001
       Swamp:2 |       0 |   14531 |   0.0 |       0 |      25 |   0.0 |   745
       Swamp:3 |       0 |   21209 |   0.0 |       0 |      62 |   0.0 |  1515
       Swamp:4 |       0 |   25910 |   0.0 |       0 |      57 |   0.0 |  1132
       Snake:1 |       0 |   12018 |   0.0 |       0 |      30 |   0.0 |   948
       Snake:2 |       0 |    6727 |   0.0 |       0 |      12 |   0.0 |   555
       Snake:3 |       0 |   31382 |   0.0 |       0 |      50 |   0.0 |  2743
       Snake:4 |       0 |   53299 |   0.0 |       0 |     105 |   0.0 |  2517
         Orc:1 |       0 |    8280 |   0.0 |       0 |      46 |   0.0 |   902
         Orc:2 |       0 |   24774 |   0.0 |       0 |     131 |   0.0 |  1929
         Elf:1 |       0 |   27359 |   0.0 |       0 |      43 |   0.0 |  1191
         Elf:2 |       0 |   28268 |   0.0 |       0 |      40 |   0.0 |   951
         Elf:3 |       0 |    7516 |   0.0 |       0 |      12 |   0.0 |   517
      Vaults:1 |       0 |   47845 |   0.0 |       0 |      68 |   0.0 |  1709
      Vaults:2 |       0 |   38316 |   0.0 |       0 |      67 |   0.0 |  1764
      Vaults:3 |       0 |   47927 |   0.0 |       0 |      83 |   0.0 |  1578
      Vaults:4 |       0 |   77549 |   0.0 |       0 |     110 |   0.0 |  1985
      Depths:1 |       0 |   34789 |   0.0 |       0 |      55 |   0.0 |  1672
      Depths:2 |       0 |   64841 |   0.0 |       0 |      64 |   0.0 |  2093
      Depths:3 |       0 |   53253 |   0.0 |       0 |      60 |   0.0 |  2354
      Depths:4 |       0 |   14863 |   0.0 |       0 |      21 |   0.0 |   491
        Bailey |       0 |    4881 |   0.0 |       0 |      67 |   0.0 |   681
       Volcano |       0 |    2766 |   0.0 |       0 |       9 |   0.0 |   213
               +---------+---------+-------+---------+---------+-------+---------
